 Dungeon Crawl Stone Soup version 0.29.1-12-g30fa7ad0bf (webtiles) character file.

Game seed: 17681169278138854539

4659 lmSkywalker the Trooper (level 10, -14/79 HPs)
             Began as a Demonspawn Cinder Acolyte on Jan 3, 2023.
             Was a Priest of Ignis.
             Demolished by an orc warlord
             ... wielding a +5 battleaxe
              (27 damage)
             ... in a bailey on Jan 4, 2023.
             The game lasted 01:07:09 (8879 turns).

lmSkywalker the Trooper (Demonspawn Cinder Acolyte) Turns: 8879, Time: 01:07:10

Health: -14/79     AC: 14    Str: 16    XL:     10   Next: 20%
Magic:  3/15       EV: 13    Int: 18    God:    Ignis [***...]
Gold:   402        SH:  0    Dex:  9    Spells: 12/16 levels left

rFire   + . .      SeeInvis +   D - +3 dagger (speed)
rCold   . . .      Faith    .   (no shield)
rNeg    . . .      Spirit   .   a - +1 robe of Oblivion {rElec rPois SInv}
rPois   +          Reflect  .   t - +0 helmet
rElec   +          Harm     .   (no cloak)
rCorr   .          Rampage  .   (no gloves)
Will    .....                   z - +0 pair of boots
Stlth   +++.......              j - amulet of regeneration
HPRegen 1.03/turn               p - +4 ring of slaying
MPRegen 0.14/turn               (no ring)

@: fiery-armoured
A: rugged brown scales 2, powered by pain 1, spiny 2, bedeviling, demonic touch
2
a: Renounce Religion, Fiery Armour, Foxfire Swarm, Rising Flame


You were in a bailey.
You worshipped Ignis.
Ignis was most pleased with you.
You visited 2 branches of the dungeon, and saw 9 of its levels.
You also visited: Bailey.

You collected 402 gold pieces.

Inventory:

Hand Weapons
 y - a +4 war axe
 D - a +3 dagger of speed (weapon)
 L - a +2 whip of flaming
Missiles
 r - 13 poisoned darts (quivered)
Armour
 a - the +1 robe of Oblivion (worn) {rElec rPois SInv}
   (You found it on level 6 of the Dungeon)

   rElec:     It insulates you from electricity.
   rPois:     It protects you from poison.
   SInv:      It lets you see invisible.
 t - a +0 helmet (worn)
 z - a +0 pair of boots (worn)
 I - a +2 robe of fire resistance
 N - +0 acid dragon scales
Jewellery
 j - an amulet of regeneration (around neck)
 p - a +4 ring of slaying (left hand)
 O - a ring of fire
Wands
 i - a wand of charming (3)
 o - a wand of flame (16)
 w - a wand of acid (20)
 C - a wand of polymorph (4)
 H - a wand of iceblast (7)
 K - a wand of digging (7)
Scrolls
 e - a scroll of silence {unknown}
 f - a scroll of magic mapping {unknown}
 g - a scroll of fear {unknown}
 h - a scroll of vulnerability {unknown}
 k - 4 scrolls of teleportation
 m - 2 scrolls of blinking
 q - 2 scrolls of amnesia {unknown}
 u - 2 scrolls of enchant armour {unknown}
 v - a scroll of summoning {unknown}
 x - a scroll of fog
 A - a scroll of poison {unknown}
 B - 2 scrolls of enchant weapon
 G - a scroll of noise {unknown}
 M - a scroll of immolation
Potions
 b - a potion of mutation {unknown}
 c - a potion of lignification {unknown}
 d - 2 potions of curing {unknown}
 l - 5 potions of attraction
 n - 2 potions of berserk rage {unknown}
 s - a potion of might {unknown}
 E - 2 potions of cancellation {unknown}
 F - 4 potions of ambrosia
 J - 2 potions of degeneration {unknown}


   Skills:
 + Level 5.9 Fighting
 - Level 2.6 Short Blades
 - Level 3.4 Maces & Flails
 - Level 2.1 Armour
 - Level 5.1 Dodging
 - Level 5.7 Stealth
 + Level 4.4 Unarmed Combat
 - Level 3.8 Spellcasting
 + Level 4.4 Transmutations
 - Level 3.9 Fire Magic
 + Level 4.3 Earth Magic


You had 12 spell levels left.
You knew the following spells:

 Your Spells              Type           Power      Damage    Failure   Level
a - Scorch                Fire           34%        2d7       4%          2
b - Passwall              Tmut/Erth      15%        N/A       3%          2

Your spell library contained the following spells:

 Spells                   Type           Power      Damage    Failure   Level
 Sandblast                Erth           38%        2d10      2%          1
 Freeze                   Ice            12%        1d4       16%         1
 Stone Arrow              Conj/Erth      22%        3d8       19%         3
 Static Discharge         Conj/Air       3%         3-4/arc   22%         2
 Petrify                  Tmut/Erth      19%        N/A       24%         4
 Frozen Ramparts          Ice            6%         1d1       41%         3
 Portal Projectile        Hex/Tloc       10%        N/A       41%         3
 Hailstorm                Conj/Ice       3%         3d3       83%         4
 Iskenderun's Mystic Bla  Conj/Tloc      3%         2d3       83%         4
 Olgreb's Toxic Radiance  Pois           3%         N/A       83%         4
 Passage of Golubria      Tloc           3%         N/A       83%         4
 Statue Form              Tmut/Erth      12%        N/A       98%         6
 Lightning Bolt           Conj/Air       1%         1d12      99%         5
 Metabolic Englaciation   Hex/Ice        2%         N/A       99%         5
 Ozocubu's Refrigeration  Ice            1%         4d7       100%        7
 Ignition                 Fire           8%         3d5       100%        8
 Maxwell's Capacitive Co  Air            1%         ∞         100%        8


Dungeon Overview and Level Annotations

Branches:
Dungeon (8/15)             Temple (1/1) D:6          Bailey (1/1)
   Lair: D:8-11

Altars:
Cheibriados
Dithmenos
Fedhas
Gozag
Hepliaklqana
Kikubaaqudgha
Makhleb
Nemelex Xobeh
Qazlal
Trog
Uskayaw
Vehumet
Wu Jian
Xom
Yredelemnul

Annotations:
D:3 1 runed translucent door, Crazy Yiuf
D:4 3 runed translucent doors, bnorton916's ghost, amateur DEFE; styxcanada's ghost, amateur SpBr
D:6 Menkaure


Innate Abilities, Weirdness & Mutations

You are mostly covered in rugged brown scales. (AC +2, +5% HP)
You sometimes gain a little power by taking damage.
You are mostly covered in sharp spines.
Your hexes are more powerful.
Your touch may inflict irresistible damage on your foes.


Message History

The orc warlord is heavily wounded.
The foxfire hits the orc warlord but does no damage.
The orc warlord is heavily wounded.
The foxfire hits the orc warlord!
The orc warlord is burned terribly!
The orc warlord is heavily wounded.
The foxfire hits the orc warlord.
The orc warlord is burned terribly!
The orc warlord is heavily wounded.
The foxfire hits the orc warlord but does no damage.
The orc warlord is heavily wounded.
Activating: Foxfire Swarm
Press: ? - help, Dir - look around, f - activate Flames leap up around you!
The foxfire hits the orc warlord.
The orc warlord is heavily wounded.
The orc warlord hits you with a +5 battleaxe!!
* * * LOW HITPOINT WARNING * * *
The orc warlord barely misses your foxfire.
The orc warlord hits your foxfire with a +5 battleaxe!! x2
The orc warlord hits your foxfire with a +5 battleaxe!
The orc warlord hits your foxfire with a +5 battleaxe!!
The orc warlord hits your foxfire with a +5 battleaxe!
You completely miss the orc warlord.
The orc warlord is heavily wounded.
The orc warlord is no longer more vulnerable to fire.
The foxfire hits the orc warlord.
The orc warlord is heavily wounded.
The foxfire hits the orc warlord but does no damage.
The orc warlord is heavily wounded.
The foxfire hits the orc warlord but does no damage.
The orc warlord is heavily wounded.
The foxfire hits the orc warlord but does no damage.
The orc warlord is heavily wounded.
The foxfire hits the orc warlord but does no damage.
The orc warlord is heavily wounded.
The foxfire hits the orc warlord.
The orc warlord is heavily wounded.
The foxfire hits the orc warlord but does no damage.
The orc warlord is heavily wounded.
The orc warlord is struck by your spines.
The orc warlord hits you with a +5 battleaxe!!
You die...

∩....⌠.....'. #.....
!.........8# #.....
??........8# #.....
#!........### ###....
#.....###.### ###.###)[
###.#)#....§###
###.....#'#
###)).§vvv§.###.......)[#
#.......v§..#...........
#.....o@vv..#...........
#.....vvv§..#.....⌠.....
#....§§v§§..'...........
#.......))).#...........
##.........###.........#
###.....### ###.....###
###.### ###.### ### ###


You could see an orc warlord (ally target).

Vanquished Creatures
  Joseph (D:7)
  Sigmund (D:2)
  A steam dragon (D:7)
  An acid dragon (D:8)
  A water moccasin (D:6)
  5 sky beasts
  A black bear (D:7)
  2 ice beasts (D:6)
  3 orc warriors (Bailey)
  4 ogres
  A kobold brigand (D:7)
  2 bullfrogs (D:7)
  A scorpion (D:4)
  13 wights
  5 killer bees (D:7)
  2 howler monkeys
  5 hounds
  5 jellies
  A gnoll bouda (D:5)
  5 orc priests
  Ijyb (D:5)
  Natasha (D:2)
  4 iguanas (D:5)
  6 orc wizards
  Robin (D:2)
  15 gnolls
  10 adders
  A white imp (D:6)
  4 worms
  4 dart slugs
  22 orcs
  5 bats
  2 endoplasms
  5 giant cockroaches
  28 goblins
  16 hobgoblins
  7 jackals
  6 kobolds
  5 quokkas
  4 ball pythons
  4 frilled lizards
  6 rats
217 creatures vanquished.

Vanquished Creatures (others)
  A wight (D:7)
  51 foxfires (Bailey)
  3 fungi (D:3)
55 creatures vanquished.

Grand Total: 272 creatures vanquished

Notes
Turn   | Place    | Note
-------+----------+-------------------------------------------
     0 | D:1      | lmSkywalker the Demonspawn Cinder Acolyte began the quest
                  | for the Orb.
     0 | D:1      | Reached XP level 1. HP: 18/18 MP: 2/2
   744 | D:1      | Gained mutation: You are partially covered in rugged brown
                  | scales. (AC +1, +3% HP) [demonic ancestry]
   744 | D:1      | Reached XP level 2. HP: 18/24 MP: 4/4
   887 | D:1      | Found a faded altar of an unknown god.
   971 | D:1      | Learned a level 2 spell: Scorch
  1210 | D:1      | Reached skill level 1 in Maces & Flails
  1385 | D:1      | Gained mutation: You sometimes gain a little power by
                  | taking damage. [demonic ancestry]
  1385 | D:1      | Reached XP level 3. HP: 29/29 MP: 5/5
  1677 | D:2      | Got Nocwoffof's Grimoire of Wanderlust
  1732 | D:2      | Noticed Sigmund
  1878 | D:2      | Killed Sigmund
  1879 | D:2      | Reached skill level 1 in Dodging
  1879 | D:2      | Reached skill level 1 in Stealth
  1879 | D:2      | Gained mutation: You are partially covered in sharp spines.
                  | [demonic ancestry]
  1879 | D:2      | Reached XP level 4. HP: 36/36 MP: 0/7
  1879 | D:2      | Gained mutation: Your touch may inflict minor irresistible
                  | damage on your foes. [demonic ancestry]
  1879 | D:2      | Reached XP level 5. HP: 42/42 MP: 0/8
  2157 | D:2      | Noticed Natasha
  2162 | D:2      | Killed Natasha
  2272 | D:2      | Noticed Robin
  2282 | D:2      | Killed Robin
  2283 | D:2      | Reached XP level 6. HP: 48/48 MP: 3/10
  2898 | D:3      | Found a basalt altar of Yredelemnul.
  2972 | D:3      | Found a bloodstained altar of Trog.
  3049 | D:3      | Found a radiant altar of Vehumet.
  3355 | D:3      | Found a runed translucent door.
  3356 | D:3      | Noticed Crazy Yiuf
  3408 | D:4      | Found a stormy altar of Qazlal.
  3430 | D:4      | Found a runed translucent gate.
  3685 | D:4      | Reached skill level 1 in Armour
  3765 | D:4      | Found a runed translucent gate.
  3766 | D:4      | Found a runed translucent gate.
  3767 | D:4      | Noticed styxcanada's ghost (amateur SpBr)
  3768 | D:4      | Noticed bnorton916's ghost (amateur DEFE)
  3971 | D:5      | Entered Level 5 of the Dungeon
  3992 | D:5      | Found a sparkling altar of Nemelex Xobeh.
  4000 | D:5      | Gained mutation: You are mostly covered in sharp spines.
                  | [demonic ancestry]
  4000 | D:5      | Reached XP level 7. HP: 48/53 MP: 11/11
  4212 | D:5      | Noticed Ijyb
  4239 | D:5      | Killed Ijyb
  4903 | D:6      | Identified the +1 robe of Oblivion {rElec rPois SInv}
  5092 | D:6      | Gained mutation: Your touch may inflict irresistible damage
                  | on your foes. [demonic ancestry]
  5092 | D:6      | Reached XP level 8. HP: 59/59 MP: 13/13
  5129 | D:6      | Reached skill level 1 in Unarmed Combat
  5129 | D:6      | Reached skill level 1 in Transmutations
  5185 | D:6      | Noticed Menkaure
  5240 | D:6      | Found a staircase to the Ecumenical Temple.
  5248 | D:6      | Reached skill level 1 in Earth Magic
  5323 | Temple   | Entered the Ecumenical Temple
  6676 | D:7      | Gained mutation: You are mostly covered in rugged brown
                  | scales. (AC +2, +5% HP) [demonic ancestry]
  6676 | D:7      | Reached XP level 9. HP: 51/68 MP: 14/14
  6765 | D:7      | Noticed Joseph
  6931 | D:7      | Killed Joseph
  6932 | D:7      | Reached skill level 5 in Stealth
  7001 | D:7      | Reached skill level 5 in Fighting
  7384 | D:7      | Reached skill level 5 in Dodging
  7886 | D:8      | Learned a level 2 spell: Passwall
  7919 | D:8      | Found a burning altar of Makhleb.
  8005 | D:8      | Found an ornate altar of the Wu Jian Council.
  8028 | D:8      | Gained mutation: Your hexes are more powerful. [demonic
                  | ancestry]
  8028 | D:8      | Reached XP level 10. HP: 77/77 MP: 15/15
  8312 | D:8      | Found a flagged portal.
  8337 | Bailey   | Entered a bailey
  8854 | Bailey   | Identified the +5 shortbow of Classification {freeze,
                  | Dex+2}
  8868 | Bailey   | Noticed an orc warlord
  8879 | Bailey   | Demolished by an orc warlord

Illustrated notes

Levels and vault maps discovered:
D:1:      lemuel_arrival_lava_pool, layout_basic,
          ebering_ecumenical_altar_abandoned
D:2:      layout_basic, uniq_robin, uniq_sigmund, uniq_natasha
D:3:      layout_rooms, mainiacjoe_overflow_cross_hatched, bloody_trog,
          nicolae_vehumet_radiance, uniq_crazy_yiuf_cottage
D:4:      layout_basic, kennysheep_little_box, gammafunk_ghost_cemetery,
          corexii_item_surrounded_by_moat, abandoned_shop
D:5:      layout_loops_ring, mainiacjoe_overflow_brackets, minmay_hedge_maze,
          uniq_ijyb
D:6:      layout_basic, minmay_temple_entry_sparse_star, uniq_menkaure
D:7:      layout_rooms, mainiacjoe_overflow_paths, minmay_misc_feat_plants,
          minmay_bent, uniq_joseph
D:8:      layout_layer_cave, gammafunk_temple_overflow_pools,
          nicolae_ashenzari_skybound, lemuel_round_altar, enter_bailey_5,
          grunt_decor_resistance, minmay_misc_feat_rows, minmay_radiant
Temple:   hellmonk_temple_rainy
Bailey:   bailey_axe_minmay_hex_keep, bailey

Skill      XL: |  1  2  3  4  5  6  7  8  9 10 |
---------------+-------------------------------+-----
Fire Magic     | 3 |  3.9
Maces & Flails | 1 2 3 |  3.4
Spellcasting   | 2 3 |  3.8
Dodging        | 1 2 3 4 5 |  5.1
Stealth        | 1 2 3 4 5 |  5.7
Armour         | 1 2 |  2.1
Unarmed Combat | 2 4 |  4.4
Transmutations | 2 4 |  4.4
Earth Magic    | 2 3 4 |  4.3
Fighting       | 4 5 |  5.9
Short Blades   | |  2.6

Action                   |  1- 3 |  4- 6 |  7- 9 | 10-12 || total
-------------------------+-------+-------+-------+-------++-------
Melee: Mace              |   118 |    70 |    31 |       ||   219
       Touch             |       |    14 |    43 |    16 ||    73
       Dagger            |       |       |   175 |    70 ||   245
       Unarmed           |       |       |     4 |       ||     4
       Punch             |       |       |     2 |     4 ||     6
Throw: Dart              |       |     3 |     7 |     1 ||    11
 Cast: Scorch            |     6 |     9 |    44 |    28 ||    87
Invok: Foxfire Swarm     |       |       |       |     3 ||     3
       Fiery Armour      |       |       |       |     1 ||     1
Evoke: Wand              |       |       |     2 |       ||     2
  Use: Scroll            |       |       |     7 |       ||     7
 Stab: Sleeping          |       |     4 |     5 |       ||     9
Armor: Robe              |    42 |     5 |    19 |     7 ||    73
       Leather armour    |       |     2 |    10 |       ||    12
       Skin              |       |       |     1 |       ||     1
Dodge: Dodged            |    81 |    33 |    73 |    25 ||   212
